 Dungeon Sprint DCSS version 0.31-a0-496-g6f97920a28 (webtiles) character file.

Game seed: 16661008602179956923

176 rocky1 the Geomancer (level 8, 0/57 HPs)
             Began as a Demigod Earth Elementalist on Aug 8, 2023.
             Slain by an anaconda (14 damage)
             ... in the Dungeon (Sprint VI: "Thunderdome") on Aug 9, 2023.
             The game lasted 00:09:47 (706 turns).

rocky1 the Geomancer (Demigod Earth Elementalist)    Turns: 706, Time: 00:09:48

Health: 0/57       AC:  2    Str: 13    XL:     8   Next: 46%
Magic:  0/26       EV:  9    Int: 24    God:
Gold:   150        SH:  0    Dex: 21    Spells: 22/26 levels left

rFire   + + .        (no weapon)
rCold   . . .        (no shield)
rNeg    + + .        a - +0 robe
rPois   .            (no helmet)
rElec   +            (no cloak)
rCorr   .            (no gloves)
SInv    .            (no boots)
Will    +....        n - amulet "Wunan" {Spirit rElec rF+ rC+}
Stlth   ++           m - ring "Puro" {Will+ Int+3 Slay+2}
HPRegen 0.29/turn    l - ring "Sovaufeo" {Fire rN++ Str+4 Dex+3}
MPRegen 0.20/turn

%: no teleportation, guardian spirit
@: constricted
A: high MP 1, forlorn, divine attributes
a: no special abilities


You were in the Dungeon.
You visited 1 branch You collected 420 gold pieces.
You spent 270 gold pieces at shops.

Inventory:

Armour
 a - a +0 robe (worn)
Jewellery
 c - the amulet "Pael" {Acrobat Will- rCorr SInv}
   (You bought it in a shop in the Dungeon)

   [amulet of the acrobat]

   It increases your evasion while moving and waiting.
   SInv:      It lets you see invisible.
   rCorr:     It protects you from acid and corrosion.
   Will:      It decreases your willpower.
 l - the ring "Sovaufeo" (right hand) {Fire rN++ Str+4 Dex+3}
   (You bought it in a shop in the Dungeon)

   [ring of fire]

   It enhances your fire magic.
   Str:       It affects your strength (+4).
   Dex:       It affects your dexterity (+3).
   rF:        It protects you from fire.
   rC:        It makes you vulnerable to cold.
   rN:        It greatly protects you from negative energy.
 m - the ring "Puro" (left hand) {Will+ Int+3 Slay+2}
   (You bought it in a shop in the Dungeon)

   [ring of willpower]

   Int:       It affects your intelligence (+3).
   Slay:      It affects your accuracy & damage with ranged weapons and melee
   (+2).
   Will:      It increases your willpower.
 n - the amulet "Wunan" (around neck) {Spirit rElec rF+ rC+}
   (You bought it in a shop in the Dungeon)

   [amulet of guardian spirit]

   It causes incoming damage to be divided between your reserves of health and
   magic.
   rF:        It protects you from fire.
   rC:        It protects you from cold.
   rElec:     It insulates you from electricity.
 o - the amulet "Cenaowyc" {Spirit Will+}
   (You bought it in a shop in the Dungeon)

   [amulet of guardian spirit]

   It causes incoming damage to be divided between your reserves of health and
   magic.
   Will:      It increases your willpower.
 p - the amulet of Uskayaw's Indignation {Harm Regen+}
   (You bought it in a shop in the Dungeon)

   [amulet of regeneration]

   Regen:     It increases your rate of health regeneration.
   Harm:      It increases damage dealt and taken.
Scrolls
 k - 3 scrolls of fog
Potions
 b - 2 potions of magic
 d - 4 potions of heal wounds
 e - 4 potions of haste
 f - a potion of berserk rage
 h - 2 potions of resistance


   Skills:
 - Level 1.7 Dodging
 - Level 1.7 Stealth
 + Level 9.9 Spellcasting
 - Level 0.8 Transmutations
 * Level 14.8 Earth Magic


You had 22 spell levels left.
You knew the following spells:

 Your Spells              Type           Power      Damage    Failure   Level
a - Sandblast             Erth           100%       2d20      0%          1
b - Stone Arrow           Conj/Erth      94%        3d12      1%          3

Your spell library contained the following spells:

 Spells                   Type           Power      Damage    Failure   Level
 Passwall                 Tmut/Erth      40%        N/A       1%          2
 Petrify                  Tmut/Erth      49%        N/A       2%          4


Dungeon Overview and Level Annotations

Branches:
Dungeon (1/1)

Shops:
D *[=??*?*:[((!!!!


Innate Abilities, Weirdness & Mutations

You have an increased reservoir of magic. (+10% MP)
You shall have no god before yourself.
Your divine heritage dramatically boosts your attributes as you level up.


Message History

The anaconda constricts you. The giant anaconda bites you!
The anaconda bites you! The anaconda constricts you.
Unknown command.
Blink to where?
Press: ? - help, Dir - move target, p - giant anaconda You escape the anaconda's grasp.
As you read the scroll of blinking, it crumbles to dust.
Magic courses through your body.
Aiming: Stone Arrow (safe; 1% risk of failure)
Press: ? - help, Q - select action, (/) - cycle Shift-Dir - straight line, f - giant anaconda
Aim: a giant anaconda (heavily wounded, 57% to hit)
Out of range.
Okay, then.
You aren't carrying any items that you can evoke.
Unknown command.
Aiming: Stone Arrow (safe; 1% risk of failure)
Press: ? - help, Q - select action, (/) - cycle Shift-Dir - straight line, f - anaconda
Aim: an anaconda (moderately wounded, 57% to hit)
The stone arrow misses the anaconda.
Unknown command.
Aiming: Stone Arrow (safe; 1% risk of failure)
Press: ? - help, Q - select action, (/) - cycle Shift-Dir - straight line, f/p - anaconda
Aim: an anaconda (moderately wounded, 57% to hit)
The stone arrow misses the anaconda.
The anaconda grabs you. The anaconda bites you! The anaconda constricts you.
Unknown command.
Blink to where?
Press: ? - help, Dir - move target, p - anaconda The anaconda's grasp on you weakens, but your attempt to escape fails.
As you read the scroll of blinking, it crumbles to dust.
The anaconda barely misses you. The anaconda constricts you.
Aiming: Stone Arrow (safe; 1% risk of failure)
Press: ? - help, Q - select action, (/) - cycle Shift-Dir - straight line, f - giant anaconda
Aim: a giant anaconda (heavily wounded, 57% to hit)
The stone arrow hits the giant anaconda!
The giant anaconda is severely wounded.
The giant anaconda bites you!!
* * * LOW HITPOINT WARNING * * *
The anaconda bites you!!
You die...

∩___......###......___∩##
........8.# #.8........∩###
......)...###.............##
.......###...###..........⌠#
......)# #.<.# #..........⌠#
.......###...###..........⌠#
..........###.............##
........8.# #.8........∩###
∩__.......###..S@..___∩##
#####)8).[.....S8.######
#⌠...........⌠#
###.........### #......)..#
#_......._# #_......._#
#∩.......∩# ##∩.....∩##


You could see an anaconda and a giant anaconda.

Vanquished Creatures
  Sigmund (D)
  5 fire bats (D)
  A fire elemental (D)
  8 ogres (D)
  2 jellies (D)
  An adder (D)
  A worm (D)
  4 endoplasms (D)
  A quokka (D)
  A rat (D)
25 creatures vanquished.

Notes
Turn   | Place    | Note
-------+----------+-------------------------------------------
     0 | D        | rocky1 the Demigod Earth Elementalist began the quest for
                  | the Orb.
     0 | D        | Reached XP level 1. HP: 14/14 MP: 5/5
     5 | D        | Round 1.
     7 | D        | Found Iwkus's Staff Store.
     7 | D        | Found Mialum's Magic Scroll Shop.
     8 | D        | Found Duan's Must-Have Magic.
     8 | D        | Found Onuyg's Magic Scroll Shop.
    15 | D        | Found Qasmiph's Timeless Talismans.
    16 | D        | Found Silaatuf's Identification Station.
    18 | D        | Found Ofie's Jewellery.
    18 | D        | Found Gup Wah's Advanced Armour.
    24 | D        | Found Jyong's Premium Goods.
    26 | D        | Found Kuapt's Miscellaneous Merchandise.
    26 | D        | Found Esyong's Basic Armour.
    27 | D        | Found Miolal's Weapon Rack.
    28 | D        | Noticed Sigmund
    31 | D        | Reached skill level 4 in Earth Magic
    33 | D        | Reached XP level 2. HP: 16/20 MP: 2/8
    41 | D        | Killed Sigmund
    42 | D        | Reached skill level 5 in Spellcasting
    42 | D        | Reached skill level 8 in Earth Magic
    42 | D        | Reached XP level 3. HP: 7/26 MP: 1/13
    42 | D        | Reached XP level 4. HP: 9/33 MP: 1/14
    42 | D        | Reached XP level 5. HP: 10/38 MP: 1/16
    75 | D        | Arena points: 14 (+14) [x2]
   136 | D        | Round 2.
   175 | D        | Reached skill level 9 in Earth Magic
   178 | D        | Found Nymivass's Do-It-Yourself Clinic.
   179 | D        | Found Luttat's Bottled Wisdom.
   179 | D        | Found Zysorr's Distillery.
   181 | D        | Found Zev Libe's Distillery.
   258 | D        | Learned a level 3 spell: Stone Arrow
   307 | D        | Arena points: 26 (+12) [x1]
   322 | D        | Round 3.
   323 | D        | Noticed a fire bat
   325 | D        | Killed a fire bat
   326 | D        | Reached skill level 10 in Earth Magic
   326 | D        | Reached XP level 6. HP: 45/45 MP: 14/19
   375 | D        | Noticed a fire elemental
   376 | D        | Noticed a fire bat
   378 | D        | Killed a fire elemental
   379 | D        | Reached skill level 11 in Earth Magic
   380 | D        | Killed a fire bat
   381 | D        | Reached skill level 12 in Earth Magic
   381 | D        | Reached XP level 7. HP: 40/50 MP: 17/22
   393 | D        | Noticed a fire bat
   396 | D        | Killed a fire bat
   409 | D        | Noticed a fire bat
   414 | D        | Killed a fire bat
   415 | D        | Reached skill level 13 in Earth Magic
   469 | D        | Noticed a fire bat
   471 | D        | Killed a fire bat
   471 | D        | Arena points: 68 (+42) [x2]
   502 | D        | Bought an ancient bronze amulet for 45 gold pieces
   502 | D        | Identified the amulet "Pael" {Acrobat Will- rCorr SInv}
                  | (You bought it in a shop in the Dungeon)
   502 | D        | Bought a faintly glowing copper ring for 45 gold pieces
   502 | D        | Identified the ring "Sovaufeo" {Fire rN++ Str+4 Dex+3} (You
                  | bought it in a shop in the Dungeon)
   502 | D        | Bought a faintly glowing lapis lazuli ring for 45 gold
                  | pieces
   502 | D        | Identified the ring "Puro" {Will+ Int+3 Slay+2} (You bought
                  | it in a shop in the Dungeon)
   502 | D        | Bought a shimmering tin amulet for 45 gold pieces
   502 | D        | Identified the amulet "Wunan" {Spirit rElec rF+ rC+} (You
                  | bought it in a shop in the Dungeon)
   502 | D        | Bought a heavily runed emerald amulet for 45 gold pieces
   502 | D        | Identified the amulet "Cenaowyc" {Spirit Will+} (You bought
                  | it in a shop in the Dungeon)
   502 | D        | Bought a twitching graven amulet for 45 gold pieces
   502 | D        | Identified the amulet of Uskayaw's Indignation {Harm
                  | Regen+} (You bought it in a shop in the Dungeon)
   502 | D        | Upgraded the game from 0.31-a0-486-g8d68a81214 to
                  | 0.31-a0-496-g6f97920a28
   503 | D        | Round 4.
   556 | D        | Reached XP level 8. HP: 57/57 MP: 23/25
   603 | D        | Reached skill level 14 in Earth Magic
   636 | D        | Arena points: 176 (+108) [x3]
   687 | D        | Round 5.
   688 | D        | Noticed an anaconda
   689 | D        | Noticed a giant anaconda
   706 | D        | Slain by an anaconda

Illustrated notes

Levels and vault maps discovered:
D:        arena_sprint

Skill      XL: |  1  2  3  4  5  6  7  8 |
---------------+-------------------------+-----
Spellcasting   | 2 5 7 8 9 |  9.9
Earth Magic    | 4 8 10 12 13 14 | 14.8
Dodging        | |  1.7
Stealth        | |  1.7
Transmutations | |  0.8

Action                     |  1- 3 |  4- 6 |  7- 9 || total
---------------------------+-------+-------+-------++-------
   Cast: Sandblast         |     4 |    15 |    18 ||    37
         Stone Arrow       |       |       |     8 ||     8
  Evoke: Wand              |     6 |       |     4 ||    10
    Use: Potion            |     1 |       |     1 ||     2
         Scroll            |       |       |     4 ||     4
 Armour: Robe              |       |     1 |     1 ||     2
  Dodge: Dodged            |     7 |     3 |     4 ||    14

Table legend: (Time is in decaauts)
 A = Elapsed time spent in this place.
 B = Non-inter-level travel time spent in this place.
 C = Inter-level travel time spent in this place.
 D = Time resting spent in this place.
 E = Time spent auto-exploring this place.
 F = Levels seen in this place.
 G = Mean time per level.
                   A        B        C        D        E       F      G
               +--------+--------+--------+--------+--------+-----+--------+
         Total |    723 |    723 |      0 |    139 |      0 |   1 |  723.0 |
       Dungeon |    723 |    723 |      0 |    139 |      0 |   1 |  723.0 |
               +--------+--------+--------+--------+--------+-----+--------+

Top non-repeatable levels by time:
       D: 723 daAuts
